 Dungeon Crawl Stone Soup version 0.28-a0-1159-g27aa881441 (webtiles) character file.

Game seed: 15652193030244292307

29096 emperorscorpion the Thaumaturge (level 13, -1/98 HPs)
             Began as a Gnoll Fire Elementalist on Dec 15, 2021.
             Was a Believer of Uskayaw.
             Slain by a spriggan defender simulacrum (9 damage)
             ... in an ice cave.
             The game lasted 00:53:58 (18266 turns).

emperorscorpion the Thaumaturge (GnFE)             Turns: 18266, Time: 00:53:58

Health: -1/98      AC: 10    Str:  9    XL:     13   Next: 43%
Magic:  15/26      EV: 14    Int: 24    God:    Uskayaw [**....]
Gold:   1310       SH: 16    Dex: 13    Spells: 8/31 levels left

rFire   + . .      SeeInvis .   a - staff of fire
rCold   + + .      Faith    .   Q - +1 kite shield {AC+3}
rNeg    . . .      Spirit   .   E - +2 robe {Archmagi}
rPois   +          Reflect  +   (helmet restricted)
rElec   +          Harm     .   k - +0 cloak
rCorr   +          Rampage  .   P - +0 pair of gloves
Will    .....      Archmagi +   (no boots)
Stlth   +++++.....              X - amulet of reflection
HPRegen 0.26/turn               p - +6 ring of intelligence
MPRegen 0.20/turn               W - ring of ice

@: resistant
A: fangs 1, strong nose, distributed training, horns 1, thin skeletal structure
1, clumsy 1, passive freeze, evolution 1, MP-powered wands
a: Renounce Religion, Stomp, Line Pass


You were in an ice cave.
You worshipped Uskayaw.
Uskayaw was aware of your devotion.
You visited 2 branches of the dungeon, and saw 16 of its levels.
You also visited: Ossuary and Ice Cave.

You collected 2228 gold pieces.
You spent 918 gold pieces at shops.

Inventory:

Hand Weapons
 b - the +8 long sword of Untruth {vorpal, Str+3}
   (You found it on level 7 of the Dungeon)

   It inflicts extra damage upon your enemies.
   Str:       It affects your strength (+3).
 f - a +1 hunting sling
 h - a +2 antimagic spear
 n - a +4 war axe
 D - a +0 dagger of freezing
 G - a +2 morningstar of flaming
 J - a +1 whip of electrocution
Missiles
 d - 242 arrows
 j - 408 stones
 q - 105 sling bullets
 w - 2 boomerangs
 y - 49 poisoned darts
 C - 13 atropa-tipped darts
 U - 24 bolts
Armour
 g - a +0 robe
 k - a +0 cloak (worn)
 r - a +2 ring mail of poison resistance
 A - a +1 helmet
 E - a +2 robe of the Archmagi (worn)
 I - the +4 pair of boots of Jailiy {-Cast Fly Dex+6}
   (You found it on level 8 of the Dungeon)

   Dex:       It affects your dexterity (+6).
   Fly:       It grants you flight.
   -Cast:     It prevents spellcasting.
 L - the +0 leather armour of Mighipya {rC+ rCorr Int+2}
   (You found it on level 9 of the Dungeon)

   Int:       It affects your intelligence (+2).
   rC:        It protects you from cold.
   rCorr:     It protects you from acid and corrosion.
 P - a +0 pair of gloves (worn)
 Q - a +1 kite shield of protection (worn)
 R - a +0 buckler
Magical Staves
 a - a staff of fire (weapon)
Jewellery
 i - the ring "Jismoo" {rN+ Will+}
   (You found it on level 10 of the Dungeon)

   [ring of willpower]

   rN:        It protects you from negative energy.
   Will:      It increases your willpower.
 p - a +6 ring of intelligence (left hand)
 W - a ring of ice (right hand)
 X - an amulet of reflection (around neck)
Wands
 o - a wand of flame (38) (quivered)
 N - a wand of iceblast (8)
 V - a wand of charming (3)
Scrolls
 e - 2 scrolls of fog
 m - 9 scrolls of teleportation
 t - 7 scrolls of immolation
 v - 3 scrolls of identify
 B - 5 scrolls of blinking
 H - a scroll of torment
 Y - a scroll of fear
Potions
 c - 2 potions of resistance
 l - 3 potions of heal wounds
 s - 4 potions of curing
 u - 5 potions of lignification
 x - a potion of invisibility
 z - 2 potions of attraction
 F - 2 potions of brilliance
 K - a potion of might
 M - 2 potions of ambrosia
 O - a potion of mutation


   Skills:
 + Level 8.3 Fighting
 + Level 8.3 Short Blades
 + Level 8.3 Long Blades
 + Level 8.3 Axes
 + Level 8.3 Maces & Flails
 + Level 8.3 Polearms
 + Level 8.3 Staves
 + Level 8.3 Slings
 + Level 8.3 Bows
 + Level 8.3 Crossbows
 + Level 8.3 Throwing
 + Level 8.3 Armour
 + Level 9.5 Dodging
 + Level 9.3 Stealth
 + Level 8.3 Shields
 + Level 8.3 Unarmed Combat
 + Level 9.7 Spellcasting
 + Level 7.2 Conjurations
 + Level 6.9 Hexes
 + Level 6.9 Summonings
 + Level 6.9 Necromancy
 + Level 6.9 Translocations
 + Level 6.9 Transmutations
 + Level 8.9 Fire Magic
 + Level 6.9 Ice Magic
 + Level 6.9 Air Magic
 + Level 6.9 Earth Magic
 + Level 6.9 Poison Magic
 + Level 9.1 Invocations
 + Level 8.3 Evocations


You had 8 spell levels left.
You knew the following spells:

 Your Spells              Type           Power      Damage    Failure   Level
a - Foxfire               Conj/Fire      100%       2x1d9     1%          1
b - Scorch                Fire           100%       2d10      1%          2
c - Flame Wave            Conj/Fire      85%        2d12      4%          4
d - Mephitic Cloud        Conj/Pois/Air  62%        N/A       2%          3
e - Conjure Flame         Conj/Fire      85%        6-21      1%          3
f - Freezing Cloud        Conj/Ice/Air   40%        6-21      21%         5
g - Alistair's Intoxicat  Tmut/Pois      40%        N/A       21%         5

Your spell library contained the following spells:

 Spells                   Type           Power      Damage    Failure   Level
 Apportation              Tloc           100%       N/A       1%          1
 Dazzling Flash           Conj/Hex       100%       N/A       1%          3
 Ignite Poison            Fire/Tmut/Pois 83%        N/A       1%          3
 Inner Flame              Hex/Fire       84%        N/A       1%          3
 Portal Projectile        Hex/Tloc       100%       N/A       2%          3
 Agony                    Necr           61%        N/A       21%         5
 Blade Hands              Tmut           30%        N/A       21%         5
 Excruciating Wounds      Necr           30%        N/A       21%         5
 Silence                  Hex/Air        30%        N/A       21%         5


Dungeon Overview and Level Annotations

Branches:
Dungeon (15/15)            Temple (1/1) D:7            Lair (0/6) D:8
    Orc (0/2) D:12        Ossuary (visited)           IceCv (1/1)
 Vaults: D:13-14     Depths: D:15

Altars:
Ashenzari
Cheibriados
Dithmenos
Elyvilon
Fedhas
Gozag
Hepliaklqana
Kikubaaqudgha
Makhleb
Nemelex Xobeh
Okawaru
Qazlal
Ru
Sif Muna
Trog
Uskayaw
Vehumet
Wu Jian
Xom
Yredelemnul
Zin
The Shining One

Shops:
D:5 (   D:12 *

Portals:
Trove: D:12 (give 6 scrolls of blinking)

Annotations:
D:15 Jorgrun


Innate Abilities, Weirdness & Mutations

You have very sharp teeth.
Your uncanny sense of smell can sniff out nearby items.
Your experience applies equally to all skills.
You have a pair of small horns on your head.
You have a somewhat thin skeletal structure. (Dex +2, Stealth+)
You are clumsy. (Dex -2)
A frigid envelope surrounds you and freezes all who hurt you.
You have hidden genetic potential.
You expend magic power (3 MP) to strengthen your wands.


Message History

The spriggan defender simulacrum melts!
The spriggan defender simulacrum is almost destroyed.
The spriggan defender simulacrum hits you.
The spriggan defender simulacrum freezes you!!
You resist.
The spriggan defender simulacrum completely resists.
You block the spriggan defender simulacrum's attack.
The spriggan defender simulacrum hits you.
The spriggan defender simulacrum freezes you!
You resist.
The spriggan defender simulacrum completely resists.
You feel a genetic drift. A pair of horns grows on your head!
Your +1 helmet falls away!
You can now pass through a line of other dancers.
Unknown command.
Casting: Scorch (safe; 1% risk of failure)
Confirm with . or Enter, or press ? or * to list all spells.
You feel a strong surge of power!
Flames lash the spriggan defender simulacrum.
The spriggan defender simulacrum melts!
The spriggan defender simulacrum is moderately damaged.
The spriggan defender simulacrum's fire resistance burns away.
You block the spriggan defender simulacrum's attack.
The spriggan defender simulacrum hits you!
* * * LOW HITPOINT WARNING * * *
The spriggan defender simulacrum freezes you!
You resist.
* * * LOW HITPOINT WARNING * * *
The spriggan defender simulacrum completely resists.
A golden dragon simulacrum comes into view.
The spriggan defender simulacrum hits you but does no damage.
The spriggan defender simulacrum completely resists.
Unknown command.
You feel protected.
The spriggan defender simulacrum hits you!
* * * LOW HITPOINT WARNING * * *
The spriggan defender simulacrum freezes you!
You resist.
You die...

#...##
#..Z##
##.Z.#
##...##
##.....##
#...∩...#
#.......#
##..ZZ.##
##.@.##
#####


You could see a golden dragon simulacrum (wandering), 2 spriggan defender
simulacra and a deep troll simulacrum.

Vanquished Creatures
  Gastronok (D:9)
  An azure jelly (D:14)
  Azrael (D:13)
  Josephine (D:10)
  A boulder beetle (D:14)
  2 hydras
  A tengu warrior (D:13)
  6 two-headed ogres
  3 skeletal warriors (D:13)
  A spriggan simulacrum (IceCv)
  A deep elf pyromancer (D:13)
  2 ugly things
  A cyclops (D:11)
  3 centaur zombies
  A gargoyle (D:12)
  An ice devil (IceCv)
  A tengu conjurer (D:13)
  2 freezing wraiths (D:14)
  3 trolls
  Grinder (D:5)
  Prince Ribbit (D:5)
  13 slime creatures
  5 wraiths
  21 yaks
  5 wyverns
  Grum (D:8)
  2 fire elementals (D:13)
  A basilisk (D:8)
  2 steam dragons
  A human (D:12)
  4 vampire mosquitoes (D:10)
  2 wargs (D:12)
  5 water moccasins
  2 acid dragons (D:12)
  Duvessa (D:7)
  4 ice beasts
  An ogre (D:6)
  2 wolves (D:8)
  3 necrophages
  4 centaurs
  2 kobold brigands
  3 bullfrogs
  2 scorpions
  Dowan (D:7)
  8 wights (D:9)
  A howler monkey (D:5)
  4 electric eels
  A hound (D:6)
  A centaur skeleton (D:4)
  8 orc priests
  3 jellies
  A gnoll shaman (D:6)
  11 orc wizards
  4 iguanas
  2 killer bee zombies
  8 mummies (Ossuary)
  2 howler monkey zombies
  5 gnolls (D:6)
  6 adders
  2 ufetubi
  3 worms
  4 dart slugs
  34 orcs
  5 endoplasms
  2 giant cockroaches
  6 goblins
  9 hobgoblins
  3 jackals (D:1)
  3 quokkas
  10 ball pythons
  7 bats
  2 frilled lizards (D:2)
  3 hobgoblin zombies (Ossuary)
  11 kobolds
  2 kobold zombies (Ossuary)
  3 orc zombies (Ossuary)
  9 rats
305 creatures vanquished.

Vanquished Creatures (collateral kills)
  A slime creature (D:14)
  6 foxfires
7 creatures vanquished.

Vanquished Creatures (others)
  377 foxfires
  4 fungi
  6 plants
  3 toadstools (D:8)
390 creatures vanquished.

Grand Total: 702 creatures vanquished

Notes
Turn   | Place    | Note
-------+----------+-------------------------------------------
     0 | D:1      | emperorscorpion the Gnoll Fire Elementalist began the quest
                  | for the Orb.
     0 | D:1      | Reached XP level 1. HP: 13/13 MP: 6/6
    70 | D:1      | Reached XP level 2. HP: 5/19 MP: 0/7
   489 | D:1      | Learned a level 2 spell: Scorch
   571 | D:1      | Found a faded altar of an unknown god.
   971 | D:1      | Reached XP level 3. HP: 25/25 MP: 6/9
   975 | D:1      | Reached skill level 5 in Spellcasting
  1348 | D:2      | Reached skill level 1 in Invocations
  1547 | D:2      | Reached skill level 1 in Fighting
  1547 | D:2      | Reached skill level 1 in Short Blades
  1547 | D:2      | Reached skill level 1 in Long Blades
  1547 | D:2      | Reached skill level 1 in Axes
  1547 | D:2      | Reached skill level 1 in Maces & Flails
  1547 | D:2      | Reached skill level 1 in Polearms
  1547 | D:2      | Reached skill level 1 in Staves
  1547 | D:2      | Reached skill level 1 in Slings
  1547 | D:2      | Reached skill level 1 in Bows
  1547 | D:2      | Reached skill level 1 in Crossbows
  1547 | D:2      | Reached skill level 1 in Throwing
  1547 | D:2      | Reached skill level 1 in Armour
  1547 | D:2      | Reached skill level 1 in Shields
  1547 | D:2      | Reached skill level 1 in Unarmed Combat
  1547 | D:2      | Reached skill level 1 in Evocations
  1784 | D:2      | Reached XP level 4. HP: 32/32 MP: 7/11
  2514 | D:3      | Reached skill level 1 in Hexes
  2514 | D:3      | Reached skill level 1 in Summonings
  2514 | D:3      | Reached skill level 1 in Necromancy
  2514 | D:3      | Reached skill level 1 in Translocations
  2514 | D:3      | Reached skill level 1 in Transmutations
  2514 | D:3      | Reached skill level 1 in Ice Magic
  2514 | D:3      | Reached skill level 1 in Air Magic
  2514 | D:3      | Reached skill level 1 in Earth Magic
  2514 | D:3      | Reached skill level 1 in Poison Magic
  2614 | D:3      | Noticed a necrophage
  2619 | D:3      | Killed a necrophage
  2620 | D:3      | Reached XP level 5. HP: 37/37 MP: 4/12
  3048 | D:3      | Found a transporter.
  3137 | D:3      | Reached XP level 6. HP: 43/44 MP: 8/13
  3147 | D:3      | Reached skill level 5 in Dodging
  3234 | D:3      | Found a transporter.
  3982 | D:4      | Found a sand-covered staircase.
  3989 | Ossuary  | Entered an ossuary
  3999 | Ossuary  | Learned a level 4 spell: Flame Wave
  4104 | Ossuary  | Reached XP level 7. HP: 50/50 MP: 2/15
  4818 | D:5      | Entered Level 5 of the Dungeon
  4818 | D:5      | Found Reclik's Hydra Hut.
  4829 | D:5      | Learned a level 3 spell: Mephitic Cloud
  4829 | D:5      | Noticed a seven-headed hydra
  5102 | D:5      | Reached skill level 5 in Stealth
  5188 | D:5      | Reached XP level 8. HP: 40/58 MP: 0/16
  5192 | D:5      | Learned a level 3 spell: Conjure Flame
  5299 | D:5      | Noticed Prince Ribbit
  5324 | D:5      | Killed Prince Ribbit
  5463 | D:5      | Noticed Grinder
  5469 | D:5      | Killed Grinder
  5955 | D:5      | Reached XP level 9. HP: 56/65 MP: 7/18
  8174 | D:7      | Identified the +8 long sword of Untruth {vorpal, Str+3}
  8238 | D:7      | Found a staircase to the Ecumenical Temple.
  8254 | Temple   | Entered the Ecumenical Temple
  8781 | D:7      | Found a hide-covered altar of Uskayaw.
  8792 | D:7      | Became a worshipper of Uskayaw the Reveller
  9148 | D:7      | Reached * piety under Uskayaw
  9200 | D:7      | Noticed Duvessa
  9200 | D:7      | Noticed Dowan
  9203 | D:7      | Killed Dowan
  9203 | D:7      | Reached ** piety under Uskayaw
  9204 | D:7      | Reached skill level 5 in Invocations
  9207 | D:7      | Reached *** piety under Uskayaw
  9209 | D:7      | Killed Duvessa
  9476 | D:8      | Reached **** piety under Uskayaw
  9478 | D:8      | Reached XP level 10. HP: 73/73 MP: 8/20
  9481 | D:8      | Reached ***** piety under Uskayaw
  9484 | D:8      | Reached skill level 5 in Fighting
  9484 | D:8      | Reached skill level 5 in Short Blades
  9484 | D:8      | Reached skill level 5 in Long Blades
  9484 | D:8      | Reached skill level 5 in Axes
  9484 | D:8      | Reached skill level 5 in Maces & Flails
  9484 | D:8      | Reached skill level 5 in Polearms
  9484 | D:8      | Reached skill level 5 in Staves
  9484 | D:8      | Reached skill level 5 in Slings
  9484 | D:8      | Reached skill level 5 in Bows
  9484 | D:8      | Reached skill level 5 in Crossbows
  9484 | D:8      | Reached skill level 5 in Throwing
  9484 | D:8      | Reached skill level 5 in Armour
  9484 | D:8      | Reached skill level 5 in Shields
  9484 | D:8      | Reached skill level 5 in Unarmed Combat
  9484 | D:8      | Reached skill level 5 in Evocations
  9530 | D:8      | Noticed a four-headed hydra
 10218 | D:8      | Found a staircase to the Lair.
 10317 | D:8      | Learned a level 5 spell: Freezing Cloud
 10361 | D:8      | Killed a four-headed hydra
 10362 | D:8      | Reached skill level 5 in Conjurations
 10555 | D:8      | Noticed Grum
 10560 | D:8      | Killed Grum
 10898 | D:8      | Identified the +4 pair of boots of Jailiy {-Cast Fly Dex+6}
 11408 | D:9      | Noticed Gastronok
 11433 | D:9      | Killed Gastronok
 11434 | D:9      | Reached XP level 11. HP: 72/81 MP: 0/22
 11441 | D:9      | Reached skill level 5 in Hexes
 11441 | D:9      | Reached skill level 5 in Summonings
 11441 | D:9      | Reached skill level 5 in Necromancy
 11441 | D:9      | Reached skill level 5 in Translocations
 11441 | D:9      | Reached skill level 5 in Transmutations
 11441 | D:9      | Reached skill level 5 in Ice Magic
 11441 | D:9      | Reached skill level 5 in Air Magic
 11441 | D:9      | Reached skill level 5 in Earth Magic
 11441 | D:9      | Reached skill level 5 in Poison Magic
 11746 | D:9      | Identified the +0 leather armour of Mighipya {rC+ rCorr
                  | Int+2}
 11773 | D:9      | Noticed a two-headed ogre
 11783 | D:9      | Killed a two-headed ogre
 11855 | D:9      | Found a shadowy altar of Dithmenos.
 12529 | D:10     | Entered Level 10 of the Dungeon
 12551 | D:10     | Identified a scroll of acquirement
 12552 | D:10     | Acquired 1103 gold pieces
 12569 | D:10     | Gained mutation: You have a somewhat thin skeletal
                  | structure. (Dex +2, Stealth+) [potion of mutation]
 12569 | D:10     | Gained mutation: You have a pair of small horns on your
                  | head. [potion of mutation]
 12570 | D:10     | Lost mutation: You have a pair of small horns on your head.
                  | [potion of mutation]
 12570 | D:10     | Gained mutation: You have an increased reservoir of magic.
                  | (+10% MP) [potion of mutation]
 12570 | D:10     | Gained mutation: Potions are less effective at restoring
                  | your health. [potion of mutation]
 12743 | D:10     | Identified the ring "Jismoo" {rN+ Will+}
 13067 | D:10     | Found an iron altar of Okawaru.
 13070 | D:10     | Found a glowing golden altar of the Shining One.
 13544 | D:10     | Noticed Josephine
 13627 | D:10     | Killed Josephine
 14330 | D:11     | Noticed a cyclops
 14332 | D:11     | Killed a cyclops
 14333 | D:11     | Reached XP level 12. HP: 60/89 MP: 19/27
 15078 | D:11     | Noticed a two-headed ogre
 15085 | D:11     | Noticed a two-headed ogre
 15085 | D:11     | Killed a two-headed ogre
 15093 | D:11     | Killed a two-headed ogre
 15311 | D:11     | Noticed a two-headed ogre
 15316 | D:11     | Killed a two-headed ogre
 15526 | D:12     | Noticed a two-headed ogre
 15534 | D:12     | Killed a two-headed ogre
 15676 | D:12     | Found Arinujug's General Store.
 16418 | D:12     | Found a portal to a secret trove of treasure.
 16448 | D:12     | Found a staircase to the Orcish Mines.
 16479 | D:12     | Lost mutation: You have an increased reservoir of magic.
                  | (+10% MP) [potion of mutation]
 16479 | D:12     | Gained mutation: Your muscles are strong. (Str +2) [potion
                  | of mutation]
 16479 | D:12     | Gained mutation: You expend magic power (3 MP) to
                  | strengthen your wands. [potion of mutation]
 16480 | D:12     | Lost mutation: Potions are less effective at restoring your
                  | health. [potion of mutation]
 16480 | D:12     | Lost mutation: Your muscles are strong. (Str +2) [potion of
                  | mutation]
 16480 | D:12     | Gained mutation: You are strong-willed. (Will+) [potion of
                  | mutation]
 16480 | D:12     | Gained mutation: You are dopey. (Int -2) [potion of
                  | mutation]
 16480 | D:12     | Gained mutation: A frigid envelope surrounds you and
                  | freezes all who hurt you. [potion of mutation]
 16481 | D:12     | Bought 3 potions of mutation for 408 gold pieces
 16481 | D:12     | Lost mutation: You are strong-willed. (Will+) [potion of
                  | mutation]
 16481 | D:12     | Lost mutation: You are dopey. (Int -2) [potion of mutation]
 16481 | D:12     | Gained mutation: You have hidden genetic potential. [potion
                  | of mutation]
 16481 | D:12     | Lost mutation: You expend magic power (3 MP) to strengthen
                  | your wands. [potion of mutation]
 16481 | D:12     | Gained mutation: Your body sometimes deteriorates upon
                  | taking damage. [potion of mutation]
 16482 | D:12     | Lost mutation: Your body sometimes deteriorates upon taking
                  | damage. [potion of mutation]
 16482 | D:12     | Gained mutation: You are clumsy. (Dex -2) [potion of
                  | mutation]
 16482 | D:12     | Gained mutation: You expend magic power (3 MP) to
                  | strengthen your wands. [potion of mutation]
 16483 | D:12     | Bought an amulet of reflection for 510 gold pieces
 16817 | D:12     | Found a blossoming altar of Fedhas.
 17255 | D:13     | Noticed Azrael
 17262 | D:13     | Killed Azrael
 17263 | D:13     | Reached XP level 13. HP: 64/98 MP: 0/26
 17568 | D:13     | Found a radiant altar of Vehumet.
 17572 | D:13     | You fall into a shaft and drop 2 floors!
 17572 | D:15     | Entered Level 15 of the Dungeon
 17572 | D:15     | Noticed Jorgrun
 17742 | D:14     | Found a broken altar of Ashenzari.
 17802 | D:14     | Found a frozen archway.
 17802 | D:14     | Noticed an azure jelly
 17813 | D:14     | Killed an azure jelly
 17906 | IceCv    | Entered an ice cave
 18161 | IceCv    | Learned a level 5 spell: Alistair's Intoxication
 18264 | IceCv    | Gained mutation: You have a pair of small horns on your
                  | head. [hidden potential]
 18266 | IceCv    | Slain by a spriggan defender simulacrum

Illustrated notes

Levels and vault maps discovered:
D:1:      dpeg_arrival_water_temple_mockup, layout_rooms,
          shapermc_ecumenical_altar_ellora
D:2:      layout_basic
D:3:      gammafunk_steamed_eel, layout_basic, corexii_shack,
          nicolae_concentric_dashed_squares_wild, hangedman_decor_opposing,
          minmay_fractal_squares_diagonal_5
D:4:      layout_rooms, nicolae_ossuary_entry_monument
D:5:      layout_basic, doesnt_shop_hydraphobe, uniq_grinder,
          uniq_prince_ribbit1
D:6:      layout_layer_cave
D:7:      layout_loops_ring, eat_drink_and_be_merry_uskayaw,
          minmay_temple_entry_mist, lightli_orcish_oven, uniq_duvessa
D:8:      layout_basic, minmay_lair_entry_grove, minmay_misc_feat_hallway,
          minmay_gold_behind_fungi, uniq_grum
D:9:      layout_rooms, old_standard_altar,
          hangedman_abyss_or_decor_lesser_grid, minmay_misc_feat_alley,
          minivault_10, blue_anna_alchemist, uniq_gastronok
D:10:     layout_loops_corners, nicolae_overflow_squiral, uniq_josephine
D:11:     layout_roguey
D:12:     layout_cave_pools, erik_orc_4, enter_trove_1, serial_shops, shop,
          minmay_misc_feat_four_crosses, fedhas_altar_fruit_tree
D:13:     minmay_sliced_demisemicircle, layout_rooms, serial_aquarium,
          aquarium_bridge_long_joined [aquarium_subvault_bridge,
          aquarium_subvault_wall, aquarium_subvault_balcony,
          aquarium_subvault_bridge, aquarium_subvault_window,
          aquarium_subvault_bridge], aquarium_window_2, aquarium_window_fake,
          aquarium_window_1, aquarium_window_fake, aquarium_view_2d,
          aquarium_view_2c, vehumet_altar_wand_db, uniq_azrael
D:14:     layout_small_grid, erik_vaults_2, ashenzari_altar_1,
          portal_ice_cave_entry_frozen_things, uniq_frances
D:15:     grunt_enter_depths_magical_seal, layout_cave_pools, special_room
          [special_room_bee], nicolae_lava_and_water, uniq_jorgrun
Temple:   mainiacjoe_temple_coin_purse
IceCv:    ice_cave_small_demon

Skill      XL: |  1  2  3  4  5  6  7  8  9 10 11 12 13 |
---------------+----------------------------------------+-----
Conjurations   | 2 3 4 5 6 7 |  7.2
Spellcasting   | 5 6 7 8 9 |  9.7
Invocations    | 1 2 3 4 5 6 7 8 9 |  9.1
Fighting       | 1 2 3 4 6 7 8 |  8.3
Short Blades   | 1 2 3 4 6 7 8 |  8.3
Long Blades    | 1 2 3 4 6 7 8 |  8.3
Axes           | 1 2 3 4 6 7 8 |  8.3
Maces & Flails | 1 2 3 4 6 7 8 |  8.3
Polearms       | 1 2 3 4 6 7 8 |  8.3
Staves         | 1 2 3 4 6 7 8 |  8.3
Slings         | 1 2 3 4 6 7 8 |  8.3
Bows           | 1 2 3 4 6 7 8 |  8.3
Crossbows      | 1 2 3 4 6 7 8 |  8.3
Throwing       | 1 2 3 4 6 7 8 |  8.3
Armour         | 1 2 3 4 6 7 8 |  8.3
Shields        | 1 2 3 4 6 7 8 |  8.3
Unarmed Combat | 1 2 3 4 6 7 8 |  8.3
Evocations     | 1 2 3 4 6 7 8 |  8.3
Hexes          | 1 2 3 4 5 6 |  6.9
Summonings     | 1 2 3 4 5 6 |  6.9
Necromancy     | 1 2 3 4 5 6 |  6.9
Translocations | 1 2 3 4 5 6 |  6.9
Transmutations | 1 2 3 4 5 6 |  6.9
Ice Magic      | 1 2 3 4 5 6 |  6.9
Air Magic      | 1 2 3 4 5 6 |  6.9
Earth Magic    | 1 2 3 4 5 6 |  6.9
Poison Magic   | 1 2 3 4 5 6 |  6.9
Dodging        | 5 6 7 8 9 |  9.5
Stealth        | 5 6 7 8 9 |  9.3
Fire Magic     | 6 7 8 |  8.9

Action                   |  1- 3 |  4- 6 |  7- 9 | 10-12 | 13-15 || total
-------------------------+-------+-------+-------+-------+-------++-------
Melee: Unarmed           |    18 |       |       |       |       ||    18
       Bite              |     2 |       |     2 |     1 |       ||     5
       Staff             |     1 |    12 |    14 |     6 |       ||    33
       Long sword        |       |       |       |    23 |       ||    23
Throw: Dart              |       |       |       |    12 |     2 ||    14
       Javelin           |       |       |       |    27 |     3 ||    30
       Stone             |       |       |       |     1 |       ||     1
       Boomerang         |       |       |       |       |     9 ||     9
 Cast: Foxfire           |    47 |    61 |    64 |    51 |     2 ||   225
       Scorch            |    19 |    33 |    85 |   207 |    35 ||   379
       Flame Wave        |       |       |     3 |     4 |       ||     7
       Mephitic Cloud    |       |       |     2 |     6 |     2 ||    10
       Conjure Flame     |       |       |     1 |     2 |     1 ||     4
       Freezing Cloud    |       |       |       |    23 |     6 ||    29
       Alistair's Intoxi |       |       |       |       |     1 ||     1
Evoke: Wand              |       |     3 |    12 |    17 |    21 ||    53
  Use: Potion            |       |     5 |     2 |     6 |     2 ||    15
       Scroll            |       |     5 |     6 |    12 |     1 ||    24
 Stab: Sleeping          |       |     1 |       |       |       ||     1
       Paralysed         |       |       |       |     1 |       ||     1
Armor: Robe              |     4 |     4 |     7 |    21 |     7 ||    43
       Leather armour    |       |       |       |     2 |       ||     2
Dodge: Dodged            |    14 |     7 |    43 |    70 |    13 ||   147
Block: Buckler           |       |       |       |    21 |     1 ||    22
       Kite shield       |       |       |       |       |    16 ||    16

Table legend: (Time is in decaauts)
 A = Elapsed time spent in this place.
 B = Non-inter-level travel time spent in this place.
 C = Inter-level travel time spent in this place.
 D = Time resting spent in this place.
 E = Time spent auto-exploring this place.
 F = Levels seen in this place.
 G = Mean time per level.
                   A        B        C        D        E       F      G
               +--------+--------+--------+--------+--------+-----+--------+
         Total |  18303 |  17725 |    578 |    523 |  14931 |  18 | 1016.8 |
       Dungeon |  17249 |  16685 |    564 |    278 |  14307 |  15 | 1149.9 |
        Temple |    190 |    176 |     14 |      0 |    163 |   1 |  190.0 |
       Ossuary |    503 |    503 |      0 |      0 |    391 |   1 |  503.0 |
      Ice Cave |    359 |    359 |      0 |    245 |     70 |   1 |  359.0 |
               +--------+--------+--------+--------+--------+-----+--------+

Top non-repeatable levels by time:
    D:11: 1769 daAuts
     D:5: 1757 daAuts
    D:10: 1725 daAuts
     D:8: 1679 daAuts
     D:6: 1500 daAuts
     D:7: 1364 daAuts
     D:1: 1279 daAuts
     D:3: 1269 daAuts
     D:9: 1231 daAuts
     D:2: 1215 daAuts
    D:12: 1032 daAuts
     D:4: 553 daAuts
    D:13: 532 daAuts
 Ossuary: 503 daAuts
   IceCv: 359 daAuts
